 Dungeon Crawl Stone Soup version 0.20.0-14-g326068f (webtiles) character file.

2259 Angani the Thaumaturge (level 9, -38/57 HPs)
             Began as a Formicid Air Elementalist on June 7, 2017.
             Was a Priest of Sif Muna.
             Killed from afar by a necromancer (46 damage)
             ... with a bolt of cold
             ... on level 15 of the Dungeon.
             The game lasted 00:18:37 (8711 turns).

Angani the Thaumaturge (Formicid Air Elementalist)  Turns: 8711, Time: 00:18:37

Health: -38/57     AC:  5    Str: 14    XL:     9   Next: 64%
Magic:  21/21      EV: 12    Int: 17    God:    Sif Muna [***...]
Gold:   299        SH:  0    Dex: 11    Spells: 21/25 levels left

rFire    . . .     SeeInvis +   l - +0 trident (freeze)
rCold    . . .     Gourm    .   (no shield)
rNeg     . . .     Faith    .   a - +0 robe
rPois    .         Spirit   .   (helmet unavailable)
rElec    .         Reflect  .   (no cloak)
rCorr    +         Harm     .   (no gloves)
MR       .....                  g - +2 pair of boots
Stlth    ++........             (no amulet)
Regen    0.2/turn               n - ring of resist corrosion
MPRegen  0.2/turn               (no ring)

@: marked
A: permanent stasis, dig shafts and tunnels, four strong arms, antennae 3
a: Dig, Shaft Self, Divine Energy, Channel Magic, Renounce Religion


You were on level 15 of the Dungeon.
You worshipped Sif Muna.
Sif Muna was most pleased with you.
You were very hungry.

You visited 1 branch of the dungeon, and saw 12 of its levels.

You collected 299 gold pieces.

Inventory:

Hand Weapons
 l - a +0 trident of freezing (weapon)
Armour
 a - a +0 robe (worn)
 g - a +2 pair of boots (worn)
Jewellery
 n - a ring of resist corrosion (left hand)
Wands
 r - a wand of confusion (25/48)
Scrolls
 d - 2 scrolls of fog
 e - a scroll of enchant weapon
 m - a scroll of remove curse {unknown}
 q - a scroll of random uselessness {unknown}
 t - a scroll of amnesia
 v - 2 scrolls of enchant armour
 w - a scroll of silence {unknown}
Potions
 h - 3 potions of curing
 i - a potion of cancellation
 k - 2 potions of heal wounds
 p - a potion of might
 s - a potion of lignification
 u - a potion of flight
Books
 b - a book of Air

   Spells                             Type                      Level
   a - Shock                          Conjuration/Air              1
   b - Swiftness                      Charms/Air                   2
   c - Static Discharge               Conjuration/Air              3
   d - Airstrike                      Air                          4
   e - Lightning Bolt                 Conjuration/Air              5
Comestibles
 c - 4 bread rations
 f - a meat ration
 j - 3 royal jellies
 o - 4 fruits
 x - 2 chunks of flesh


   Skills:
 - Level 1.7 Dodging
 - Level 2.4 Stealth
 + Level 8.8 Spellcasting
 + Level 8.1 Conjurations
 - Level 2.4 Air Magic


You had 21 spell levels left.
You knew the following spells:

 Your Spells              Type           Power        Failure   Level  Hunger
a - Shock                 Conj/Air       ####         1%          1    None
b - Static Discharge      Conj/Air       ####....     3%          3    None


Dungeon Overview and Level Annotations

Branches:
Dungeon (14/15)            Temple (0/1) D:5
   Lair: D:8-11         Orc: D:9-12      Vaults: D:13-14

Altars:
Dithmenos
Gozag
Makhleb
Sif Muna
Trog
Uskayaw
Zin

Shops:
D:4 ?

Annotations:
D:7 marsu's ghost, novice GrFi
D:8 Joseph
D:9 Devirk's ghost, journeyman HOFi
D:12 Rupert


Innate Abilities, Weirdness & Mutations

You cannot be hasted, slowed, berserked, paralysed or teleported.
You can dig through walls and to a lower floor.
Your four strong arms can wield two-handed weapons with a shield.
You have a pair of large antennae on your head. (SInv)


Message History

A sentinel's mark forms upon you.
You hear a bark!
You hear a shout!
You hear a horrible gurgling sound! x3
You hear a shout!
You hear a horrible gurgling sound!
You hear a shout! x2
You hear an angry hiss.
You hear a loud, deep croak!
You hear a shout!
You hear a roar!
You hear a shout!
You hear an angry hiss.
You hear a shout! x5
You hear an angry buzzing noise. x2; You hear a shout!
Found a potion of curing.
Unknown command.
Unknown command.
The kobold throws a stone.
The stone hits you but does no damage.
You see here a stone.
The kobold throws a stone.
The stone barely misses you.
Unknown command.
A necromancer comes into view. It is wielding a dagger.
The kobold wields a hand crossbow.
The kobold shoots a bolt.
The bolt hits you!
* * * LOW HITPOINT WARNING * * *
The necromancer casts a spell at you. The bolt of cold hits you!
Ouch! That really hurt!
You die... #../# #...#####. #......... #####.!.......
Z............ { Zp.........

#.........
#.@.......
#.).......
#(........
#H....####
#...### {
#u..# { #.4.#
{
u.######uKK##{
..uu.{KKK...#


You could see 2 ugly things, an orange demon, a hippogriff, a necromancer, a
hornet simulacrum, 2 kobolds and a centaur warrior skeleton.

Vanquished Creatures
  A hungry ghost (D:7)
  A water moccasin (D:6)
  A black bear (D:6)
  4 ogres
  An orc warrior (D:6)
  5 bullfrogs
  Blork the orc (D:6)
  3 scorpions
  3 wights (D:6)
  A howler monkey (D:4)
  2 bullfrog zombies (D:6)
  2 hounds
  A jelly (D:6)
  2 orc priests
  7 orc wizards
  2 bullfrog skeletons
  2 iguanas
  3 worker ants
  A hound skeleton (D:6)
  11 adders
  A shadow imp (D:5)
  An adder zombie (D:6)
  2 adder skeletons (D:5)
  5 worms
  A dart slug (D:3)
  6 leopard geckos
  19 orcs
  11 bats
  3 giant cockroaches
  8 goblins
  8 hobgoblins
  4 jackals
  A frilled lizard (D:2)
  3 kobolds
  8 rats
135 creatures vanquished.

Notes
Turn   | Place    | Note
-------+----------+-------------------------------------------
     0 | D:1      | Angani the Formicid Air Elementalist began the quest for the Orb.
     0 | D:1      | Reached XP level 1. HP: 13/13 MP: 3/3
    24 | D:1      | Reached skill level 1 in Conjurations
   128 | D:1      | Reached XP level 2. HP: 19/19 MP: 1/5
   654 | D:1      | Reached XP level 3. HP: 24/24 MP: 5/7
   798 | D:1      | Learned a level 3 spell: Static Discharge
   946 | D:2      | Found an opulent altar of Gozag.
  1206 | D:2      | Reached XP level 4. HP: 16/30 MP: 0/8
  1667 | D:2      | Found a deep blue altar of Sif Muna.
  1673 | D:2      | Became a worshipper of Sif Muna the Loreminder
  2466 | D:3      | Reached XP level 5. HP: 30/35 MP: 3/10
  3226 | D:4      | Reached * piety under Sif Muna
  3226 | D:4      | Reached XP level 6. HP: 31/41 MP: 3/12
  3717 | D:4      | Noticed an ogre
  3743 | D:4      | Killed an ogre
  3743 | D:4      | Reached XP level 7. HP: 33/46 MP: 0/14
  3980 | D:4      | Found Xuluv's Magic Scroll Shoppe.
  4408 | D:4      | Reached skill level 5 in Spellcasting
  4732 | D:5      | Entered Level 5 of the Dungeon
  4885 | D:5      | Found a shadowy altar of Dithmenos.
  4949 | D:5      | Reached skill level 5 in Conjurations
  5326 | D:5      | Reached XP level 8. HP: 40/52 MP: 6/17
  5532 | D:5      | Found a staircase to the Ecumenical Temple.
  5837 | D:6      | Reached ** piety under Sif Muna
  6728 | D:6      | Reached XP level 9. HP: 32/57 MP: 0/20
  6904 | D:6      | Found an opulent altar of Gozag.
  6952 | D:6      | Noticed Blork the orc
  6966 | D:6      | Reached *** piety under Sif Muna
  7221 | D:6      | Killed Blork the orc
  7528 | D:6      | Found a burning altar of Makhleb.
  7825 | D:7      | Noticed marsu's ghost (novice GrFi)
  8123 | D:7      | Found a bloodstained altar of Trog.
  8423 | D:8      | Found a glowing silver altar of Zin.
  8423 | D:8      | Found a hide-covered altar of Uskayaw.
  8668 | D:8      | Noticed Joseph
  8684 | D:9      | Noticed Devirk's ghost (journeyman HOFi)
  8690 | D:9      | You fall through a shaft for 3 floors!
  8690 | D:12     | Noticed Rupert
  8693 | D:12     | You fall through a shaft for 2 floors!
  8693 | D:14     | Noticed a hippogriff
  8696 | D:14     | You fall through a shaft!
  8696 | D:15     | Entered Level 15 of the Dungeon
  8696 | D:15     | Noticed a kobold demonologist
  8696 | D:15     | Noticed a hippogriff
  8700 | D:15     | Noticed an orange demon
  8702 | D:15     | Noticed a red ugly thing
  8702 | D:15     | Noticed a red ugly thing
  8702 | D:15     | Noticed a red ugly thing
  8711 | D:15     | Noticed a necromancer
  8711 | D:15     | Killed from afar by a necromancer

Skill      XL: |  1  2  3  4  5  6  7  8  9 |
---------------+----------------------------+-----
Conjurations   | 1 2 3 4 5 6 8 |  8.1
Spellcasting   | 3 4 6 7 8 |  8.8
Dodging        | |  1.7
Stealth        | |  2.4
Air Magic      | |  2.4

Action                   |  1- 3 |  4- 6 |  7- 9 || total
-------------------------+-------+-------+-------++-------
Melee: Spear             |    33 |    22 |       ||    55
       Trident           |       |    29 |   110 ||   139
 Cast: Shock             |    57 |    80 |    88 ||   225
       Static Discharge  |       |    12 |    71 ||    83
Invok: Divine Energy     |       |     2 |     1 ||     3
       Stop Divine Energ |       |     1 |     2 ||     3
 Abil: Shaft Self        |       |       |     3 ||     3
       Dig               |       |       |     1 ||     1
Evoke: Wand              |       |     1 |     4 ||     5
  Use: Scroll            |       |     7 |     7 ||    14
       Potion            |       |     1 |     1 ||     2
 Stab: Sleeping          |       |     4 |     4 ||     8
  Eat: Chunk             |     1 |     9 |    19 ||    29
Armor: Robe              |    16 |    18 |    56 ||    90
Dodge: Dodged            |    25 |    45 |    90 ||   160
